 Dungeon Sprint DCSS version 0.30.0-20-g3b4254fcbd (webtiles) character file.

Game seed: 3850067701542349110

4038 Groucho the Unseen (level 10, -2/44 HPs)
             Began as a Spriggan Enchanter on June 2, 2023.
             Was a Priest of Dithmenos.
             Succumbed to a death drake's dark miasma
             ... in the Dungeon (Sprint II: "The Violet Keep of Menkaure").
             The game lasted 00:08:16 (816 turns).

Groucho the Unseen (Spriggan Enchanter)              Turns: 816, Time: 00:08:16

Health: -2/44      AC:  2    Str:  4    XL:     10   Next: 4%
Magic:  6/9        EV: 17    Int: 21    God:    Dithmenos [***...]
Gold:   466        SH:  0    Dex: 18    Spells: 20/34 levels left

rFire   + . .        a - +6 dagger "Sixualio" {antimagic, Fragile rF+ Dex+2 Stlth+}
rCold   . . .        (no shield)
rNeg    . . .        b - +0 robe
rPois   .            (helmet restricted)
rElec   .            (no cloak)
rCorr   .            (gloves unavailable)
SInv    +            (boots unavailable)
Will    +....        (no amulet) Stlth *+++++++++
                     (no ring)
HPRegen 0.27/turn    (no ring)
MPRegen 0.11/turn

%: no teleportation
@: lethally poisoned (-2 -> -65), slowed, wreathed by umbra, quick
A: very small, no large weapons, unfitting armour, see invisible, speed 3
a: Renounce Religion, Shadow Step


You were in the Dungeon.
You worshipped Dithmenos.
Dithmenos was most pleased with you.
You visited 1 branch You collected 1306 gold pieces.
You spent 840 gold pieces at shops.

Inventory:

Hand Weapons
 a - the +6 dagger "Sixualio" (weapon) {antimagic, Fragile rF+ Dex+2 Stlth+}
   (You bought it in a shop in the Dungeon)

   Dex:       It affects your dexterity (+2).
   rF:        It protects you from fire.
   Fragile:   It will be destroyed if unequipped.
   Stlth:     It makes you more stealthy.
 c - a +0 arbalest
 d - the +4 dagger of the Eternal Void {protect, rF+}
   (You bought it in a shop in the Dungeon)

   rF:        It protects you from fire.
Armour
 b - a +0 robe (worn)
Scrolls
 f - a scroll of identify {unknown}
Potions
 g - a potion of magic
 h - a potion of berserk rage


   Skills:
 + Level 11.7 Short Blades
 - Level 2.6 Dodging
 + Level 16.7 Stealth
 + Level 12.9 Spellcasting
 * Level 5.5 Conjurations
 + Level 13.1 Hexes
 * Level 6.8 Earth Magic


You had 20 spell levels left.
You knew the following spells:

 Your Spells              Type           Power      Damage    Failure   Level
a - Ensorcelled Hibernat  Hex/Ice        82%        N/A       1%          2
b - Confusing Touch       Hex            62%        N/A       1%          3
c - Stone Arrow           Conj/Erth      78%        3d11      1%          3
d - Dazzling Flash        Conj/Hex       100%       N/A       1%          3
e - Tukima's Dance        Hex            62%        N/A       1%          3

Your spell library contained the following spells:

 Spells                   Type           Power      Damage    Failure   Level
 Animate Armour           Summ/Erth      54%        N/A       12%         4
 Lehudib's Crystal Spear  Conj/Erth      19%        10d6      100%        8


Dungeon Overview and Level Annotations

Branches:
Dungeon (1/1)

Altars:
Cheibriados
Dithmenos
Elyvilon
Fedhas
Gozag
Hepliaklqana
Kikubaaqudgha
Makhleb
Nemelex Xobeh
Okawaru
Qazlal
Ru
Sif Muna
Trog
Uskayaw
Vehumet
Wu Jian
Xom
Yredelemnul
Zin
The Shining One
Jiyva
Lugonu

Shops:
D =?:((!=([[(:[:!

Annotations:
D exclusion: oklob plant


Innate Abilities, Weirdness & Mutations

You are very small and have problems with some larger weapons.
You are too small for most types of armour.
You have supernaturally acute eyesight. (SInv)
You cover ground extremely quickly. (Speed+++)


Message History

The death drake hisses angrily.
Unknown command.
Unknown command.
The swamp drake roars!
You hit the swamp drake.
The swamp drake is lightly wounded.
The swamp drake completely misses you.
Unknown command.
Casting: Ensorcelled Hibernation (safe; 1% risk of failure)
Confirm with . or Enter, or press ? or * to list all spells.
Your hands begin to glow red.
The death drake breathes miasma at you. The foul vapour misses you.
You hit the death drake but do no damage.
You are engulfed in dark miasma.
You are poisoned.
You feel very sick. The death drake bites you.
Unknown command.
Unknown command.
Unknown command.
You completely miss the death drake.
You are engulfed in dark miasma.
You are more poisoned.
You feel very sick.
The swamp drake is engulfed in dark miasma.
The death drake bites you.
Unknown command.
Unknown command.
Unknown command.
Unknown command.
You hit the death drake but do no damage.
The death drake appears confused.
You are engulfed in dark miasma.
You are more poisoned.
You feel yourself slow down.
You feel very sick. The death drake bites you!
* * * LOW HITPOINT WARNING * * *
Unknown command.
Unknown command.
You feel much better.
You are engulfed in dark miasma.
You are more poisoned.
You die... ##++## ##≈...### ~~ e§.....## '# ####....#!## . .. #††'....#k9# #+##~.#..####.#kk# ...##.####..'^##@# .#..# ...#..#.°°#### .#.####..#####°°##†# !?$=$

#'###.##..#.['.°#††#▓$)[$[
#.##..##..#..#^.#††#▓([$))
.<.'.##'..####..##.#▓$|!?!
#.##.#.#....###...##▓▓▓▓▓▓
#'###)##......§~~~~~~~~~~~
...####~~.....~#'########+


You could see 2 death drakes, a crystal guardian and a swamp drake.

Vanquished Creatures
  A fire dragon (D)
  2 slime creatures (D)
  A merfolk siren (D)
  A yaktaur (D)
  3 polar bears (D)
  A hornet (D)
  3 yaks (D)
  Menkaure (D)
  4 neqoxecs (D)
  2 water moccasins (D)
  A swamp drake (D)
  4 necrophages (D)
  3 worms (D)
27 creatures vanquished.

Notes
Turn   | Place    | Note
-------+----------+-------------------------------------------
     0 | D        | Groucho the Spriggan Enchanter began the quest for the Orb.
     0 | D        | Reached XP level 1. HP: 9/9 MP: 5/5
     5 | D        | Noticed a necrophage
     5 | D        | Noticed a necrophage
     5 | D        | Noticed a necrophage
     5 | D        | Noticed a necrophage
    13 | D        | Killed a necrophage
    14 | D        | Reached skill level 7 in Stealth
    14 | D        | Reached skill level 5 in Spellcasting
    14 | D        | Reached skill level 5 in Hexes
    14 | D        | Reached XP level 2. HP: 4/13 MP: 6/9
    14 | D        | Reached XP level 3. HP: 4/16 MP: 6/10
    18 | D        | Killed a necrophage
    19 | D        | Reached skill level 5 in Short Blades
    19 | D        | Reached skill level 8 in Stealth
    19 | D        | Reached XP level 4. HP: 21/21 MP: 7/13
    21 | D        | Killed a necrophage
    22 | D        | Reached skill level 9 in Stealth
    22 | D        | Reached XP level 5. HP: 24/24 MP: 7/15
    23 | D        | Reached skill level 10 in Stealth
    26 | D        | Noticed a neqoxec
    26 | D        | Noticed a neqoxec
    26 | D        | Noticed a neqoxec
    26 | D        | Noticed a neqoxec
    28 | D        | Killed a neqoxec
    29 | D        | Reached skill level 11 in Stealth
    29 | D        | Reached XP level 6. HP: 28/28 MP: 7/18
    30 | D        | Killed a neqoxec
    31 | D        | Reached skill level 12 in Stealth
    31 | D        | Killed a neqoxec
    32 | D        | Reached skill level 10 in Hexes
    32 | D        | Reached XP level 7. HP: 32/32 MP: 8/21
    34 | D        | Killed a neqoxec
    35 | D        | Reached skill level 13 in Stealth
    35 | D        | Reached skill level 10 in Spellcasting
    40 | D        | Noticed a merfolk siren
    50 | D        | Learned a level 2 spell: Ensorcelled Hibernation
    54 | D        | Learned a level 3 spell: Confusing Touch
    63 | D        | Killed a merfolk siren
    64 | D        | Reached skill level 14 in Stealth
    64 | D        | Reached XP level 8. HP: 20/36 MP: 16/23
   117 | D        | Found Esmuwytz's Antique Armour Shoppe.
   117 | D        | Found Taokuezo's Book Shoppe.
   117 | D        | Found Afaiqua's Weapon Emporium.
   117 | D        | Found Jagryoxa's Book Emporium.
   117 | D        | Found Dypomula's Armour Shoppe.
   117 | D        | Found Tamet's Antique Armour Shoppe.
   118 | D        | Found Mekhe's Weapon Shoppe.
   118 | D        | Found Tocs's Jewellery Emporium.
   119 | D        | Found Datoalidgh's Distillery.
   119 | D        | Noticed a manticore
   120 | D        | Found Kiewibb's Distillery.
   120 | D        | Noticed a manticore
   123 | D        | Found Elificoh's Antique Weapon Shoppe.
   123 | D        | Found Colapp's Antique Weapon Emporium.
   123 | D        | Noticed a manticore
   123 | D        | Noticed an oklob plant
   124 | D        | Found Vojasm's Magic Scroll Shoppe.
   124 | D        | Found Saatot's Jewellery Emporium.
   124 | D        | Found Kuboir's Book Shoppe.
   125 | D        | Noticed Menkaure
   130 | D        | Noticed a shining eye
   131 | D        | Noticed a shining eye
   131 | D        | Noticed a shining eye
   140 | D        | Reached skill level 10 in Short Blades
   165 | D        | Killed Menkaure
   511 | D        | Bought a bloodstained dagger for 217 gold pieces
   511 | D        | Identified the +4 dagger of the Eternal Void {protect, rF+}
                  | (You bought it in a shop in the Dungeon)
   517 | D        | Bought a polished dagger for 119 gold pieces
   517 | D        | Identified the +6 dagger "Sixualio" {antimagic, Fragile rF+
                  | Dex+2 Stlth+} (You bought it in a shop in the Dungeon)
   535 | D        | Bought a book of Armaments for 468 gold pieces
   539 | D        | Learned a level 3 spell: Stone Arrow
   569 | D        | Found a snail-covered altar of Cheibriados.
   569 | D        | Found a hazy altar of Hepliaklqana.
   593 | D        | Bought a potion of flight for 36 gold pieces
   616 | D        | Found a shadowy altar of Dithmenos.
   616 | D        | Found a viscous altar of Jiyva.
   617 | D        | Found a white marble altar of Elyvilon.
   617 | D        | Found an ancient bone altar of Kikubaaqudgha.
   618 | D        | Found a blossoming altar of Fedhas.
   618 | D        | Found a corrupted altar of Lugonu.
   618 | D        | Found a shimmering blue altar of Sif Muna.
   619 | D        | Found an opulent altar of Gozag.
   619 | D        | Found a burning altar of Makhleb.
   619 | D        | Found a bloodstained altar of Trog.
   620 | D        | Found a sparkling altar of Nemelex Xobeh.
   620 | D        | Found a hide-covered altar of Uskayaw.
   621 | D        | Found a basalt altar of Yredelemnul.
   622 | D        | Found a glowing silver altar of Zin.
   622 | D        | Found a radiant altar of Vehumet.
   622 | D        | Found a sacrificial altar of Ru.
   622 | D        | Found a shimmering altar of Xom.
   622 | D        | Found an iron altar of Okawaru.
   622 | D        | Found a stormy altar of Qazlal.
   622 | D        | Found an ornate altar of the Wu Jian Council.
   622 | D        | Found a glowing golden altar of the Shining One.
   623 | D        | Became a worshipper of Dithmenos the Shadowed
   628 | D        | Noticed a yaktaur
   628 | D        | Noticed a hornet
   628 | D        | Noticed a polar bear
   634 | D        | Noticed a polar bear
   634 | D        | Noticed a polar bear
   635 | D        | Killed a polar bear
   636 | D        | Reached skill level 15 in Stealth
   636 | D        | Reached skill level 1 in Conjurations
   636 | D        | Killed a polar bear
   638 | D        | Killed a polar bear
   638 | D        | Reached * piety under Dithmenos
   639 | D        | Killed a hornet
   640 | D        | Reached XP level 9. HP: 39/39 MP: 8/26
   641 | D        | Killed a yaktaur
   653 | D        | Noticed a fire dragon
   655 | D        | Killed a fire dragon
   655 | D        | Reached ** piety under Dithmenos
   656 | D        | Reached skill level 16 in Stealth
   656 | D        | Reached skill level 5 in Earth Magic
   693 | D        | Killed a large slime creature
   694 | D        | Reached skill level 5 in Conjurations
   700 | D        | Learned a level 3 spell: Dazzling Flash
   704 | D        | Learned a level 3 spell: Tukima's Dance
   786 | D        | Noticed a deep elf master archer
   793 | D        | Reached *** piety under Dithmenos
   795 | D        | Reached XP level 10. HP: 44/44 MP: 9/27
   808 | D        | Noticed a death drake
   809 | D        | Noticed a death drake
   809 | D        | Noticed a crystal guardian
   816 | D        | Succumbed to a death drake's dark miasma

Illustrated notes

Levels and vault maps discovered:
D:        the_violet_keep_of_menkaure [sprint2_stairs_cluster_1,
          sprint2_shoproom, sprint2_temple, sprint2_basic_supplies,
          sprint2_obstacle_5, sprint2_obstacle_7, sprint2_obstacle_6,
          sprint2_obstacle_3, sprint2_obstacle_2, sprint2_timed_cluster_1,
          sprint2_smallroom_cluster_1, sprint2_smallroom_final_cluster_1,
          sprint2_transparent_cluster_1, sprint2_second_timed_cluster_1,
          sprint2_sniper_area_1, sprint2_heavy_combat_area_1,
          sprint2_mutation_trap_area_1, sprint2_forest_area_1,
          sprint2_light_combat_area_1, sprint2_behind_water_1,
          sprint2_near_end_vault_1]

Skill      XL: |  1  2  3  4  5  6  7  8  9 |
---------------+----------------------------+-----
Short Blades   | 4 5 6 7 8 9 10 11 | 11.7
Stealth        | 7 8 9 11 12 14 15 16 | 16.7
Spellcasting   | 5 6 7 8 9 10 12 | 12.9
Hexes          | 5 6 7 9 10 11 12 13 | 13.1
Conjurations   | 3 5 |  5.5
Earth Magic    | 3 6 |  6.8
Dodging        | |  2.6

Action                     |  1- 3 |  4- 6 |  7- 9 | 10-12 || total
---------------------------+-------+-------+-------+-------++-------
  Melee: Dagger            |    10 |     5 |    22 |     5 ||    42
   Cast: Ensorcelled Hiber |       |       |    17 |       ||    17
         Confusing Touch   |       |       |     1 |     1 ||     2
    Use: Potion            |     3 |       |     3 |     1 ||     7
         Scroll            |       |       |     1 |       ||     1
   Stab: Invisible         |     3 |       |       |       ||     3
         Sleeping          |       |     5 |    18 |     1 ||    24
  Dodge: Dodged            |     6 |       |     7 |     2 ||    15
